Workbook
Name _ftn1: Orcamento!$B$10
Name _ftnref1: Orcamento!#REF!
Name _Toc89844996: Orcamento!#REF!

Sheet Orcamento
B8: Estado do Rio Grande do Sul
B9: MUNICÍPIO DE SÃO VENDELINO
A10: Planilha de Orçamento - Global
C11: Proprietario: Prefeitura Municipal de São Vendelino, CNPJ.: 91.984.492/0001-52 | H11: Área a ser pavimentada:[m²] | I11: =(L11*6.5)+35.5 -> 1205.5 | J11: Extensão: [m] | L11: 180
C12: Obra: Pavimentação asfaltica MORRO CARRARD | G12: B.D.I. | H12: B.D.I Diferenciado | I12: Encaixe = 35,5m² | J12: Largura do C.B.U.Q. = 6,5m
C13: End. Morro Carrard - São Vendelino, Morro Carrard | G13: 0.2195 | H13: 0.15 | I13: Encargos Sociais sobre preco da M.O
I14: Não Desonerado: 112,88% (hora) 69,79%(mês)
C15: Planilha Orçamentária Sintética Com Valor do Material e da Mão de Obra
A16: Cod. SICRO/SINAPI | B16: Item | C16: Descrição | D16: Und | E16: Quant. | F16: Valor Unit s/ BDI | G16: Valor Unit com BDI | J16: Total | M16: Peso (%)
G17: M. O. | H17: MAT. | I17: Total | J17: M. O. | K17: MAT. | L17: Total
B18: 1 | C18: SERVIÇOS PRELIMINARES | L18: =SUM(L19:L22) -> 5963.7696 | M18: =L18/$L$77 -> 0.012021687
A19: SINAPI 90781 | B19: 1.1 | C19: TOPÓGRAFO COM ENCARGOS SOCIAIS | D19: H | E19: 10 | F19: 37.16 | G19: =I19*0.3 -> 13.594986 | H19: =I19*0.7 -> 31.721634 | I19: =F19*(1+$G$13) -> 45.31662 | J19: =G19*E19 -> 135.94986 | K19: =H19*E19 -> 317.21634 | L19: =K19+J19 -> 453.1662 | M19: =L19/$L$77 -> 0.00091348635
A20: SINAPI 88253 | B20: 1.2 | C20: AUXILIAR DE TOPÓGRAFO COM ENCARGOS SOCIAIS | D20: H | E20: 10 | F20: 17.9 | G20: =I20*0.3 -> 6.548715 | H20: =I20*0.7 -> 15.280335 | I20: =F20*(1+$G$13) -> 21.82905 | J20: =G20*E20 -> 65.48715 | K20: =H20*E20 -> 152.80335 | L20: =K20+J20 -> 218.2905 | M20: =L20/$L$77 -> 0.00044002706
A21: SICRO 5213424 | B21: 1.3 | C21: FORNECIMENTO E INSTALAÇÃO DE PLACA DE OBRA COM CHAPA GALVANIZADA E ESTRUTURA DE MADEIRA - PADRÃO GOVERNO FEDERAL - 300X200 | D21: m² | E21: =2*3 -> 6 | F21: 648.59 | G21: =I21*0.3 -> 237.28665 | H21: =I21*0.7 -> 553.66885 | I21: =F21*(1+$G$13) -> 790.95551 | J21: =G21*E21 -> 1423.7199 | K21: =H21*E21 -> 3322.0131 | L21: =K21+J21 -> 4745.733 | M21: =L21/$L$77 -> 0.009566385
A22: SICRO 5502985 | B22: 1.4 | C22: LIMPEZA DO TERRENO. REMOÇÃO MECANIZADA DA CAMADA DE VEGETAÇÃO, REMOÇÃO DE MATERIAL, NIVELAMENTO. | D22: m² | E22: =L11*2*1.5 -> 540 | F22: 0.83 | G22: =I22*0.3 -> 0.3036555 | H22: =I22*0.7 -> 0.7085295 | I22: =F22*(1+$G$13) -> 1.012185 | J22: =G22*E22 -> 163.97397 | K22: =H22*E22 -> 382.60593 | L22: =K22+J22 -> 546.5799 | M22: =L22/$L$77 -> 0.0011017884
B24: 2 | C24: MOVIMENTAÇÃO DE TERRA | L24: =SUM(L26:L40) -> 193823.39 | M24: =L24/$L$77 -> 0.3907066
B25: 2.1 | C25: ESCAVAÇÃO DE GREIDE
A26: SICRO 5501875 | B26: 2.1.1 | C26: ESCAVAÇÃO, CARGA E TRASPORTE DE MATERIAL DE 1ª CATEGORIA. DMT DE 50 A 200m. CARRINHO DE SERVIÇO EM LEITO NATURAL - COM CARREGADEIRA E CAMINHÃO BASCULANTE DE 14m³ | D26: m³ | E26: =1244.7*0.7 -> 871.29 | F26: 11.58 | G26: =I26*0.3 -> 4.236543 | H26: =I26*0.7 -> 9.885267 | I26: =F26*(1+$G$13) -> 14.12181 | J26: =G26*E26 -> 3691.2576 | K26: =H26*E26 -> 8612.9343 | L26: =K26+J26 -> 12304.192 | M26: =L26/$L$77 -> 0.024802625
A27: SICRO 5502377 | B27: 2.1.2 | C27: ESCAVAÇÃO, CARGA E TRASPORTE DE MATERIAL DE 2ª CATEGORIA. DMT DE 50 A 200m. CARRINHO DE SERVIÇO EM LEITO NATURAL - COM CARREGADEIRA E CAMINHÃO BASCULANTE DE 14m³ | D27: m³ | E27: =1244.7*0.25 -> 311.175 | F27: 19.6 | G27: =I27*0.3 -> 7.17066 | H27: =I27*0.7 -> 16.73154 | I27: =F27*(1+$G$13) -> 23.9022 | J27: =G27*E27 -> 2231.3301 | K27: =H27*E27 -> 5206.437 | L27: =K27+J27 -> 7437.7671 | M27: =L27/$L$77 -> 0.014992951
A28: SICRO 5500991 | B28: 2.1.3 | C28: DESMONTE DE BLOCOS DE ROCHA COM MARTELETE PNEIMÁTICO | D28: m³ | E28: =1244.7*0.05 -> 62.235 | F28: 184.02 | G28: =I28*0.3 -> 67.323717 | H28: =I28*0.7 -> 157.08867 | I28: =F28*(1+$G$13) -> 224.41239 | J28: =G28*E28 -> 4189.8915 | K28: =H28*E28 -> 9776.4136 | L28: =K28+J28 -> 13966.305 | M28: =L28/$L$77 -> 0.028153091
A29: SICRO 5915470 | B29: 2.1.4 | C29: CARGA, MANOBRA E DESCARGA DE AGREGADOS OU SOLOS EM CAMINHÃO DE 6m³ - CARGA COM ESCAVADEIRA DE 1,56m³ E DESCARGA LIVRE | D29: m³ | E29: =E28*1.3 -> 80.9055 | F29: 2.41 | G29: =I29*0.3 -> 0.8816985 | H29: =I29*0.7 -> 2.0572965 | I29: =F29*(1+$G$13) -> 2.938995 | J29: =G29*E29 -> 71.334258 | K29: =H29*E29 -> 166.4466 | L29: =K29+J29 -> 237.78086 | M29: =L29/$L$77 -> 0.00047931547
A30: SICRO 5914374 | B30: 2.1.5 | C30: TRASPORTE DO MATERIAL ESCAVADO COM CAMINHÃO BASCULANTE DE 14m³, EM VIA URBANA PAVIMENTADA, DMT 2KM (BOTA FORA PRÓXIMO) - material de 2ª categoria - Volume multiplicado pela DMT | D30: t * 2KM | E30: =E27*1.3*2*1.6 -> 1294.488 | F30: 1 | G30: =I30*0.3 -> 0.36585 | H30: =I30*0.7 -> 0.85365 | I30: =F30*(1+$G$13) -> 1.2195 | J30: =G30*E30 -> 473.58843 | K30: =H30*E30 -> 1105.0397 | L30: =K30+J30 -> 1578.6281 | M30: =L30/$L$77 -> 0.0031821774
A31: SICRO 5914374 | B31: 2.1.6 | C31: TRASPORTE DO MATERIAL ESCAVADO COM CAMINHÃO BASCULANTE DE 14m³, EM VIA URBANA PAVIMENTADA, DMT 2KM (BOTA FORA PRÓXIMO) - Volume multiplicado pela DMT - Material de 3ª Categoria | D31: t * 2KM | E31: =E28*1.3*2*1.6 -> 258.8976 | F31: 1 | G31: =I31*0.3 -> 0.36585 | H31: =I31*0.7 -> 0.85365 | I31: =F31*(1+$G$13) -> 1.2195 | J31: =G31*E31 -> 94.717687 | K31: =H31*E31 -> 221.00794 | L31: =K31+J31 -> 315.72562 | M31: =L31/$L$77 -> 0.00063643548
A32: SICRO 4413942 | B32: 2.1.7 | C32: ESPALHAMENTO DE MATERIAL COM TRATOR ESTEIRA (30% Empolamento) | D32: m³ | E32: =(E26+E27+E28)*1.3 -> 1618.11 | F32: 2.75 | G32: =I32*0.3 -> 1.0060875 | H32: =I32*0.7 -> 2.3475375 | I32: =F32*(1+$G$13) -> 3.353625 | J32: =G32*E32 -> 1627.9602 | K32: =H32*E32 -> 3798.5739 | L32: =K32+J32 -> 5426.5341 | M32: =L32/$L$77 -> 0.010938735
B33: 2.2 | C33: REMOÇÃO DE SOLOS INADEQUADOS / REFORÇO DO SUBLEITO
A34: SICRO 5501875 | B34: 2.2.1 | C34: ESCAVAÇÃO, CARGA E TRASPORTE DE MATERIAL DE 1ª CATEGORIA. DMT DE 50 A 200m. CARRINHO DE SERVIÇO EM LEITO NATURAL - COM CARREGADEIRA E CAMINHÃO BASCULANTE DE 14m³ | D34: m³ | E34: =(1.5+1.5)*0.5*L11 -> 270 | F34: 11.58 | G34: =I34*0.3 -> 4.236543 | H34: =I34*0.7 -> 9.885267 | I34: =F34*(1+$G$13) -> 14.12181 | J34: =G34*E34 -> 1143.8666 | K34: =H34*E34 -> 2669.0221 | L34: =K34+J34 -> 3812.8887 | M34: =L34/$L$77 -> 0.0076859699
A35: SICRO 4413942 | B35: 2.2.2 | C35: ESPALHAMENTO DE MATERIAL COM TRATOR ESTEIRA (30% Empolamento) | D35: m³ | E35: =E34*1.3 -> 351 | F35: 2.75 | G35: =I35*0.3 -> 1.0060875 | H35: =I35*0.7 -> 2.3475375 | I35: =F35*(1+$G$13) -> 3.353625 | J35: =G35*E35 -> 353.13671 | K35: =H35*E35 -> 823.98566 | L35: =K35+J35 -> 1177.1224 | M35: =L35/$L$77 -> 0.0023728275
A36: SICRO 4011279 | B36: 2.2.3 | C36: REATERRO DE MATERIAL REMOVIDO, BASE OU SUB-BASE DE MACADAME SECO COM BRITA COMERCIAL - COMPACTADO 100% PROCTOR NORMAL | D36: m³ | E36: =E34 -> 270 | F36: 199.07 | G36: =I36*0.3 -> 72.829759 | H36: =I36*0.7 -> 169.93611 | I36: =F36*(1+$G$13) -> 242.76586 | J36: =G36*E36 -> 19664.035 | K36: =H36*E36 -> 45882.748 | L36: =K36+J36 -> 65546.784 | M36: =L36/$L$77 -> 0.13212833
A37: SICRO 5914374 | B37: 2.2.4 | C37: TRASPORTE DO RACHÃO COM CAMINHãO BASCULANTE DE 14m³, EM VIA URBANA PAVIMENTADA, DMT 26KM (PEDREIRA MAIS PRÁXIMA) - Volume multiplicado pela DMT | D37: t * 26KM | E37: =E36*1.3*26*1.6 -> 14601.6 | F37: 1 | G37: =I37*0.3 -> 0.36585 | H37: =I37*0.7 -> 0.85365 | I37: =F37*(1+$G$13) -> 1.2195 | J37: =G37*E37 -> 5341.9954 | K37: =H37*E37 -> 12464.656 | L37: =K37+J37 -> 17806.651 | M37: =L37/$L$77 -> 0.035894409
B38: 2.3 | C38: ATERRO DE GREIDE
A39: SICRO 4011279 | B39: 2.3.1 | C39: ATERRO DE GREIDE, BASE OU SUB-BASE DE MACADAME SECO COM BRITA COMERCIAL - COMPACTADO 100% PROCTOR NORMAL - Deslocamento de eixo para lado esquerdo | D39: m³ | E39: 208 | F39: 199.07 | G39: =I39*0.3 -> 72.829759 | H39: =I39*0.7 -> 169.93611 | I39: =F39*(1+$G$13) -> 242.76586 | J39: =G39*E39 -> 15148.59 | K39: =H39*E39 -> 35346.71 | L39: =K39+J39 -> 50495.3 | M39: =L39/$L$77 -> 0.10178775
A40: SICRO 5914374 | B40: 2.3.2 | C40: TRASPORTE COM CAMINHãO BASCULANTE DE 14m³, EM VIA URBANA PAVIMENTADA, DTM 26KM (pedreira mais próxima) - Volume multiplicado pela DMT - Empolamento 30% | D40: t * 26KM | E40: =E39*1.3*26*1.6 -> 11248.64 | F40: 1 | G40: =I40*0.3 -> 0.36585 | H40: =I40*0.7 -> 0.85365 | I40: =F40*(1+$G$13) -> 1.2195 | J40: =G40*E40 -> 4115.3149 | K40: =H40*E40 -> 9602.4015 | L40: =K40+J40 -> 13717.716 | M40: =L40/$L$77 -> 0.027651989
B42: 3 | C42: PAVIMENTAÇÃO | L42: =SUM(L43:L54) -> 260897.94 | M42: =L42/$L$77 -> 0.52591457
A43: SICRO 4011209 | B43: 3.1 | C43: REGULARIZAÇÃO DO SUB-LEITO - - 100% PROCTORINTERMEDIÁRIO | D43: m² | E43: =(L11*7.96)+35.5 -> 1468.3 | F43: 1.91 | G43: =I43*0.3 -> 0.6987735 | H43: =I43*0.7 -> 1.6304715 | I43: =F43*(1+$G$13) -> 2.329245 | J43: =G43*E43 -> 1026.0091 | K43: =H43*E43 -> 2394.0213 | L43: =K43+J43 -> 3420.0304 | M43: =L43/$L$77 -> 0.0068940515
A44: SICRO 4011279 | B44: 3.2 | C44: SUB BASE RACHÃO, BASE OU SUB-BASE DE MACADAME SECO COM BRITA COMERCIAL - COMPACTADO 100% PROCTOR NORMAL - E=17cm | D44: m³ | E44: =(L11*0.17*7.71)+(35.5*0.17) -> 241.961 | F44: 199.07 | G44: =I44*0.3 -> 72.829759 | H44: =I44*0.7 -> 169.93611 | I44: =F44*(1+$G$13) -> 242.76586 | J44: =G44*E44 -> 17621.961 | K44: =H44*E44 -> 41117.91 | L44: =K44+J44 -> 58739.871 | M44: =L44/$L$77 -> 0.11840705
A45: SICRO 5914374 | B45: 3.3 | C45: TRASPORTE DO RACHÃO COM CAMINHÃO BASCULANTE DE 14m³, EM VIA URBANA PAVIMENTADA, DMT 26KM (PEDREIRA MAIS PRÓXIMA) - Volume multiplicado pela DMT | D45: t * 26KM | E45: =E44*1.3*26*1.6 -> 13085.251 | F45: 1 | G45: =I45*0.3 -> 0.36585 | H45: =I45*0.7 -> 0.85365 | I45: =F45*(1+$G$13) -> 1.2195 | J45: =G45*E45 -> 4787.239 | K45: =H45*E45 -> 11170.224 | L45: =K45+J45 -> 15957.463 | M45: =L45/$L$77 -> 0.032166841
A46: SICRO 4011276 | B46: 3.4 | C46: BASE DE BRITA GRADUADA, COM BRITA COMERCIAL - 100% PROCTOR MODIFICADO, E=15cm, EXCLUSIVE TRANSPORTE | D46: m³ | E46: =(L11*0.15*7.23)+(35.5*0.15) -> 200.535 | F46: 237.49 | G46: =I46*0.3 -> 86.885717 | H46: =I46*0.7 -> 202.73334 | I46: =F46*(1+$G$13) -> 289.61906 | J46: =G46*E46 -> 17423.627 | K46: =H46*E46 -> 40655.13 | L46: =K46+J46 -> 58078.757 | M46: =L46/$L$77 -> 0.11707438
A47: SICRO 5914374 | B47: 3.5 | C47: TRASPORTE BRITA GRADUADA CAMINHÃO BASCULANTE DE 14m³, EM VIA URBANA PAVIMENTADA, DMT 26KM (PEDREIRA MAIS PRÓXIMA) - Volume multiplicado prela DMT | D47: t * 26KM | E47: =E46*1.3*26*1.6 -> 10844.933 | F47: 1 | G47: =I47*0.3 -> 0.36585 | H47: =I47*0.7 -> 0.85365 | I47: =F47*(1+$G$13) -> 1.2195 | J47: =G47*E47 -> 3967.6187 | K47: =H47*E47 -> 9257.7769 | L47: =K47+J47 -> 13225.396 | M47: =L47/$L$77 -> 0.026659575
A48: SICRO 4011351 | B48: 3.6 | C48: EXECUÇÃO DE IMPRIMAÇÃO DE BASE DE BRITA GRADUADA COM MATERIAL ASFÁLTICO | D48: m² | E48: =(L11*7)+35.5 -> 1295.5 | F48: 0.61 | G48: =I48*0.3 -> 0.2231685 | H48: =I48*0.7 -> 0.5207265 | I48: =F48*(1+$G$13) -> 0.743895 | J48: =G48*E48 -> 289.11479 | K48: =H48*E48 -> 674.60118 | L48: =K48+J48 -> 963.71597 | M48: =L48/$L$77 -> 0.0019426457
A49: SICRO 4011353 | B49: 3.7 | C49: EXECUÇÃO DE PINTURA DE LIGAÇÃO | D49: m² | E49: =E48 -> 1295.5 | F49: 0.46 | G49: =I49*0.3 -> 0.1587 | H49: =I49*0.7 -> 0.3703 | I49: =F49*(1+$H$13) -> 0.529 | J49: =G49*E49 -> 205.59585 | K49: =H49*E49 -> 479.72365 | L49: =K49+J49 -> 685.3195 | M49: =L49/$L$77 -> 0.0013814579
A50: SICRO 4011463 | B50: 3.8 | C50: CONCRETO BETUMINOSO USINADO A QUENTE (CBUQ), CAP 50/70, E=5cm, EXCLUSIVE TRSPORTE - DENSIDADE 2,6t/m³ | D50: t | E50: =(I11)*0.05*2.6 -> 156.715 | F50: 190.43 | G50: =I50*0.3 -> 65.69835 | H50: =I50*0.7 -> 153.29615 | I50: =F50*(1+$H$13) -> 218.9945 | J50: =G50*E50+0.25 -> 10296.167 | K50: =H50*E50 -> 24023.806 | L50: =K50+J50 -> 34319.973 | M50: =L50/$L$77 -> 0.069181742
A51: SICRO 5914374 | B51: 3.9 | C51: TRASPORTE DO CBUQ COM CAMINHÃO BASCULANTE DE 14m³, EM VIA URBANA PAVIMENTADA, DTM 26KM (PEDREIRA MAIS PRÓXIMA) - Volume multiplicado pela DMT | D51: t * 26KM | E51: =E50*26 -> 4074.59 | F51: 1 | G51: =I51*0.3 -> 0.345 | H51: =I51*0.7 -> 0.805 | I51: =F51*(1+$H$13) -> 1.15 | J51: =G51*E51 -> 1405.7336 | K51: =H51*E51 -> 3280.045 | L51: =K51+J51 -> 4685.7785 | M51: =L51/$L$77 -> 0.0094455295
A52: ANP AGO/2025 | B52: 3.10 | C52: RR-2C - SEM BDI - ACRESCIDO DE ICMS + PIS + COFINS + 26,25% - BDI 15% | D52: t | E52: =ROUND(E49*0.6/1000,2) -> 0.78 | F52: 4118.95 | H52: =I52*1 -> 4736.7925 | I52: =F52*(1+$H$13) -> 4736.7925 | J52: =G52*E52 -> 0 | K52: =H52*E52 -> 3694.6981 | L52: =K52+J52 -> 3694.6981 | M52: =L52/$L$77 -> 0.007447723
A53: ANP AGO/2025 | B53: 3.11 | C53: CM-30 - SEM BDI - ACRESCIDO DE ICMS + PIS + COFINS + 26,25% - BDI 15% | D53: t | E53: =ROUND(E48*1.2/1000,2) -> 1.55 | F53: 6586.11 | H53: =I53*1 -> 7574.0265 | I53: =F53*(1+$H$13) -> 7574.0265 | J53: =G53*E53 -> 0 | K53: =H53*E53 -> 11739.741 | L53: =K53+J53 -> 11739.741 | M53: =L53/$L$77 -> 0.023664813
A54: ANP AGO/2025 | B54: 3.12 | C54: CAP 50/70 - SEM BDI - ACRESCIDO DE ICMS + PIS + COFINS + 26,25% - BDI 15% | D54: t | E54: =ROUND(E50*0.06,2) -> 9.4 | F54: 5123.7 | H54: =I54*1 -> 5892.255 | I54: =F54*(1+$H$13) -> 5892.255 | J54: =G54*E54 -> 0 | K54: =H54*E54 -> 55387.197 | L54: =K54+J54 -> 55387.197 | M54: =L54/$L$77 -> 0.11164877
B56: 4 | C56: DRENAGEM DE ÁGUAS PLUVIAIS E ENTRADAS MORADORES | L56: =SUM(L57:L68) -> 32950.556 | M56: =L56/$L$77 -> 0.066421289
A57: SICRO 5501875 | B57: 4.1 | C57: ESCAVAÇÃO, CARGA E TRASPORTE DE MATERIAL DE 1ª CATEGORIA. DMT DE 50 A 200m. CARRINHO DE SERVIÇO EM LEITO NATURAL - COM CARREGADEIRA E CAMINHÃO BASCULANTE DE 14m³ | D57: m³ | E57: =61*0.15 -> 9.15 | F57: 11.58 | G57: =I57*0.3 -> 4.236543 | H57: =I57*0.7 -> 9.885267 | I57: =F57*(1+$G$13) -> 14.12181 | J57: =G57*E57 -> 38.764368 | K57: =H57*E57 -> 90.450193 | L57: =K57+J57 -> 129.21456 | M57: =L57/$L$77 -> 0.00026046898
A58: SICRO 5502377 | B58: 4.2 | C58: ESCAVAÇÃO, CARGA E TRASPORTE DE MATERIAL DE 2ª CATEGORIA. DMT DE 50 A 200m. CARRINHO DE SERVIÇO EM LEITO NATURAL - COM CARREGADEIRA E CAMINHÃO BASCULANTE DE 14m³ | D58: m³ | E58: =61*0.1 -> 6.1 | F58: 19.6 | G58: =I58*0.3 -> 7.17066 | H58: =I58*0.7 -> 16.73154 | I58: =F58*(1+$G$13) -> 23.9022 | J58: =G58*E58 -> 43.741026 | K58: =H58*E58 -> 102.06239 | L58: =K58+J58 -> 145.80342 | M58: =L58/$L$77 -> 0.00029390858
A59: SICRO 5500991 | B59: 4.3 | C59: DESMONTE DE BLOCOS DE ROCHA COM MARTELETE PNEIMÁTICO | D59: m³ | E59: =61*0.4 -> 24.4 | F59: 184.02 | G59: =I59*0.3 -> 67.323717 | H59: =I59*0.7 -> 157.08867 | I59: =F59*(1+$G$13) -> 224.41239 | J59: =G59*E59 -> 1642.6987 | K59: =H59*E59 -> 3832.9636 | L59: =K59+J59 -> 5475.6623 | M59: =L59/$L$77 -> 0.011037767
A60: SICRO 5915470 | B60: 4.4 | C60: CARGA, MANOBRA E DESCARGA DE AGREGADOS OU SOLOS EM CAMINHÃO DE 6m³ - CARGA COM ESCAVADEIRA DE 1,56m³ E DESCARGA LIVRE | D60: m³ | E60: =E59*1.3 -> 31.72 | F60: 2.41 | G60: =I60*0.3 -> 0.8816985 | H60: =I60*0.7 -> 2.0572965 | I60: =F60*(1+$G$13) -> 2.938995 | J60: =G60*E60 -> 27.967476 | K60: =H60*E60 -> 65.257445 | L60: =K60+J60 -> 93.224921 | M60: =L60/$L$77 -> 0.00018792155
A61: SICRO 5914374 | B61: 4.5 | C61: TRASPORTE DO MATERIAL ESCAVADO COM CAMINHÃO BASCULANTE DE 14m³, EM VIA URBANA PAVIMENTADA, DMT 2KM (BOTA FORA PRÓXIMO) - material de 2ª categoria - Volume multiplicado pela DMT | D61: t * 2KM | E61: =E58*1.3*2*1.6 -> 25.376 | F61: 1 | G61: =I61*0.3 -> 0.36585 | H61: =I61*0.7 -> 0.85365 | I61: =F61*(1+$G$13) -> 1.2195 | J61: =G61*E61 -> 9.2838096 | K61: =H61*E61 -> 21.662222 | L61: =K61+J61 -> 30.946032 | M61: =L61/$L$77 -> 6.2380596e-05
A62: SICRO 5914374 | B62: 4.6 | C62: TRASPORTE DO MATERIAL ESCAVADO COM CAMINHÃO BASCULANTE DE 14m³, EM VIA URBANA PAVIMENTADA, DMT 2KM (BOTA FORA PRÓXIMO) - Volume multiplicado pela DMT - Material de 3ª Categoria | D62: T * 2KM | E62: =E59*1.3*2*1.6 -> 101.504 | F62: 1 | G62: =I62*0.3 -> 0.36585 | H62: =I62*0.7 -> 0.85365 | I62: =F62*(1+$G$13) -> 1.2195 | J62: =G62*E62 -> 37.135238 | K62: =H62*E62 -> 86.64889 | L62: =K62+J62 -> 123.78413 | M62: =L62/$L$77 -> 0.00024952239
A63: SICRO 804015 | B63: 4.7 | C63: TUBO DE CONCRETO ARMADO - PA2 - PARA REDES COLETORAS DE ESGOTO PLUVIAL, DN 400mm, JUNTA ELÁSTICA, INSTALADO EM LOCAL COM BAIXO NÍVEL DE INTERFERÊNCIA - FORNECIMENTO E ASSENTAMENTO | D63: m | E63: =11+16 -> 27 | F63: 320.53 | G63: =I63*0.3 -> 117.2659 | H63: =I63*0.7 -> 273.62043 | I63: =F63*(1+$G$13) -> 390.88633 | J63: =G63*E63 -> 3166.1793 | K63: =H63*E63 -> 7387.7517 | L63: =K63+J63 -> 10553.931 | M63: =L63/$L$77 -> 0.021274473
A64: SICRO 804031 | B64: 4.8 | C64: TUBO DE CONCRETO PARA REDE DE COLETA DE ÁGUAS PLUVIAIS, DIAMENTRO 800mm PA2, FORNECIMENTO E ASSENTAMENTO | D64: m | E64: 10 | F64: 710.38 | G64: =I64*0.3 -> 259.89252 | H64: =I64*0.7 -> 606.41589 | I64: =F64*(1+$G$13) -> 866.30841 | J64: =G64*E64 -> 2598.9252 | K64: =H64*E64 -> 6064.1589 | L64: =K64+J64 -> 8663.0841 | M64: =L64/$L$77 -> 0.017462929
A65: SICRO 804061 | B65: 4.9 | C65: TESTADA DE BUEIRO ø 400 - ALVENARIA DE EMBASAMENTO COM BLOCOS ESTRUTURAIS DE CONCRETO MACIÇOS, ASSENTADO COM ARGAMASSA PROEPARO EM BETONEIRA - - 4 UNIDADES | D65: UNID. | E65: 4 | F65: 389.45 | G65: =I65*0.3 -> 142.48028 | H65: =I65*0.7 -> 332.45399 | I65: =F65*(1+$G$13) -> 474.93428 | J65: =G65*E65 -> 569.92113 | K65: =H65*E65 -> 1329.816 | L65: =K65+J65 -> 1899.7371 | M65: =L65/$L$77 -> 0.0038294646
A66: SICRO 804385 | B66: 4.10 | C66: ALA PARA BOCA DE BUEIRO ø 800 - ALVENARIA DE EMBASAMENTO COM BLOCOS ESTRUTURAIS DE CONCRETO MACIÇOS, ASSENTADO COM ARGAMASSA PROEPARO EM BETONEIRA - 220X100X25 - 2 UNIDADES | D66: UNID. | E66: 2 | F66: 1939.64 | G66: =I66*0.3 -> 709.61729 | H66: =I66*0.7 -> 1655.7737 | I66: =F66*(1+$G$13) -> 2365.391 | J66: =G66*E66 -> 1419.2346 | K66: =H66*E66 -> 3311.5474 | L66: =K66+J66 -> 4730.782 | M66: =L66/$L$77 -> 0.0095362469
A67: SICRO 4413942 | B67: 4.11 | C67: ESPALHAMENTO DE MATERIAL COM TRATOR ESTEIRA EM BOTA FORA | D67: m³ | E67: =E57+E58+E59 -> 39.65 | F67: 2.75 | G67: =I67*0.3 -> 1.0060875 | H67: =I67*0.7 -> 2.3475375 | I67: =F67*(1+$G$13) -> 3.353625 | J67: =G67*E67 -> 39.891369 | K67: =H67*E67 -> 93.079862 | L67: =K67+J67 -> 132.97123 | M67: =L67/$L$77 -> 0.00026804163
A68: SICRO 4815671 | B68: 4.12 | C68: REATERRO MECANIZADO DE VALA COM SOLO DE 1ª CATEGORIA | D68: m³ | E68: =E57+E58+E59 -> 39.65 | F68: 20.09 | G68: =I68*0.3 -> 7.3499265 | H68: =I68*0.7 -> 17.149828 | I68: =F68*(1+$G$13) -> 24.499755 | J68: =G68*E68 -> 291.42459 | K68: =H68*E68 -> 679.9907 | L68: =K68+J68 -> 971.41529 | M68: =L68/$L$77 -> 0.0019581659
B70: 5 | C70: SINALIZAÇÃO VIÁRIA | L70: =SUM(L71:L74) -> 2448.5975 | M70: =L70/$L$77 -> 0.0049358499
A71: SICRO 5213401 | B71: 5.1 | C71: PINTURA DE EIXO VIÁRIO E BORDAS, COM TINTA RETROREFLETIVA, EIXO SIMPLES COM 15cm DE LARGURA E BORDAS COM 12cm DE LARGURA | D71: m² | E71: =(2*L11*0.12)+(L11*0.15) -> 70.2 | F71: 6.25 | G71: =I71*0.3 -> 2.2865625 | H71: =I71*0.7 -> 5.3353125 | I71: =F71*(1+$G$13) -> 7.621875 | J71: =G71*E71 -> 160.51669 | K71: =H71*E71 -> 374.53894 | L71: =K71+J71 -> 535.05562 | M71: =L71/$L$77 -> 0.001078558
A72: SICRO 5213440 | B72: 5.2 | C72: FORNECIMENTO E IPLANTAÇÃO DE PLACA DE REGULAMENTAÇÃO EM AÇO, R-1, SEXTAVADA, LADOS 35cm - PARE | D72: UN | E72: 1 | F72: 287.31 | G72: =I72*0.3 -> 105.11236 | H72: =I72*0.7 -> 245.26218 | I72: =F72*(1+$G$13) -> 350.37455 | J72: =G72*E72 -> 105.11236 | K72: =H72*E72 -> 245.26218 | L72: =K72+J72 -> 350.37455 | M72: =L72/$L$77 -> 0.00070628031
A73: SICRO 5213440 | B73: 5.3 | C73: FORNECIMENTO E IPLANTAÇÃO DE PLACA DE REGULAMENTAÇÃO EM AÇO, d=60cm, R-7, PROIBIDO ULTRAPASSAR | D73: UN | E73: 1 | F73: 287.31 | G73: =I73*0.3 -> 105.11236 | H73: =I73*0.7 -> 245.26218 | I73: =F73*(1+$G$13) -> 350.37455 | J73: =G73*E73 -> 105.11236 | K73: =H73*E73 -> 245.26218 | L73: =K73+J73 -> 350.37455 | M73: =L73/$L$77 -> 0.00070628031
A74: SICRO 5213863 | B74: 5.4 | C74: SUPORTE METÁLICO GALVANIZADO PARA PLACA DE REGULAMENTAÇÃO | D74: UN | E74: =E72+E73 -> 2 | F74: 497.25 | G74: =I74*0.3 -> 181.91891 | H74: =I74*0.7 -> 424.47746 | I74: =F74*(1+$G$13) -> 606.39638 | J74: =G74*E74 -> 363.83783 | K74: =H74*E74 -> 848.95493 | L74: =K74+J74 -> 1212.7928 | M74: =L74/$L$77 -> 0.0024447314
I77: Totais -> | J77: =SUM(J19:J76) -> 127578.96 | K77: =SUM(K19:K76) -> 368505.3 | L77: =J77+K77 -> 496084.26 | M77: =M18+M24+M42+M56+M70 -> 1
J78: M.O. | K78: Material | L78: Total
B80: Valores atualizados na data do orçamento
C83: São Vendelino - RS, 08 de JANEIRO de 2026.
D86: EVERSON SERGIO KERBES
D87: CREA-RS 124.620
B90: SICRO - OUTUBRO/2025
B93: OBS.:
B94: B.D.I. DIFERENCIADO. De acordo com Isntrução Normativa 062/DNIT Art. 3º, §1º, deve ser aplicado B.D.I. Difertenciado
B95: nos produtos relacionados a aquisição e transporte de materiais betuminosos, com isso o B.D.I. diferenciado foi aplicado
B96: aos itens 3.6, 3.7, 3.8, 3.9, 3,10, 3,11 E 3,12.

Sheet Orcamento Resumo
B7: Estado do Rio Grande do Sul
B8: MUNICÍPIO DE SÃO VENDELINO
B9: Proprietario: Prefeitura Municipal de São Vendelino - RS
B10: Obra: Pavimentação Asfaltica Morro Carrard
B11: End. Morro Carrard - Interior - RS
B12: PLANILHA DE ORÇAMENTO RESUMO
C13: DESCRIÇÃO ATIVIDADE | G13: Valor
B14: =[1]Orcamento!B15 -> 1 | C14: =Orcamento!C18 -> SERVIÇOS PRELIMINARES | G14: =Orcamento!L18 -> 5963.7696
B15: =[1]Orcamento!B22 -> 2 | C15: =Orcamento!C24 -> MOVIMENTAÇÃO DE TERRA | G15: =Orcamento!L24 -> 193823.39
B16: =[1]Orcamento!B32 -> 3 | C16: =Orcamento!C42 -> PAVIMENTAÇÃO | G16: =Orcamento!L42 -> 260897.94
B17: =[1]Orcamento!B47 -> 4 | C17: =Orcamento!C56 -> DRENAGEM DE ÁGUAS PLUVIAIS E ENTRADAS MORADORES | G17: =Orcamento!L56 -> 32950.556
B18: =[1]Orcamento!B51 -> 5 | C18: =Orcamento!C70 -> SINALIZAÇÃO VIÁRIA | G18: =Orcamento!L70 -> 2448.5975
C19: TOTAL | G19: =SUM(G14:G18) -> 496084.26
B23: São Vendelino-RS, 08 de janeiro de 2026.
D25: EVERSON SERGIO KERBES
D26: ENGENHEIRO CIVIL
D27: CREA/RS 124.620

Sheet Cronograma
B13: Estado do Rio Grande do Sul
B14: MUNICÍPIO DE SÃO VENDELINO
B15: Proprietario: Prefeitura Municipal de SÃO VENDELINO - RS
B16: Obra: Pavimentação Asfáltica Morro Carrard - Vale Suíço
B17: End. Morro Carrard - Vale Suíço, Interior, São Vendelino - RS
B18: CRONOGRAMA FÍSICO-FINANCEIRO
B21: ITEM | C21: DESCRIÇÃO | D21: Total Servico | E21: PARCELA 1 | F21: % Acum | G21: PARCELA 2 | H21: % Acum | I21: PARCELA 3 | J21: % Acum
B22: 1. | C22: =Orcamento!$C$18 -> SERVIÇOS PRELIMINARES | D22: =Orcamento!L18 -> 5963.7696 | E22: =E23*D22 -> 5963.7696 | G22: =G23*D22 -> 0 | I22: =I23*D22 -> 0
D23: =D22/$D$32 -> 0.012021687 | E23: 1 | F23: =E23 -> 1 | H23: =G23+E23 -> 1 | J23: =I23+H23 -> 1
B24: 2. | C24: =Orcamento!$C$24 -> MOVIMENTAÇÃO DE TERRA | D24: =Orcamento!L24 -> 193823.39 | E24: =E25*D24 -> 116294.04 | G24: =G25*D24 -> 77529.358 | I24: =I25*D24 -> 0
D25: =D24/$D$32 -> 0.3907066 | E25: 0.6 | F25: =E25 -> 0.6 | G25: 0.4 | H25: =G25+E25 -> 1 | I25: 0 | J25: =I25+H25 -> 1
B26: 3. | C26: =Orcamento!$C$42 -> PAVIMENTAÇÃO | D26: =Orcamento!L42 -> 260897.94 | E26: =E27*D26 -> 0 | G26: =G27*D26 -> 39134.691 | I26: =I27*D26 -> 221763.25
D27: =D26/$D$32 -> 0.52591457 | F27: =E27 -> 0 | G27: 0.15 | H27: =G27+E27 -> 0.15 | I27: 0.85 | J27: =I27+H27 -> 1
B28: 4. | C28: =Orcamento!$C$56 -> DRENAGEM DE ÁGUAS PLUVIAIS E ENTRADAS MORADORES | D28: =Orcamento!L56 -> 32950.556 | E28: =E29*D28 -> 19770.334 | G28: =G29*D28 -> 13180.222 | I28: =I29*D28 -> 0
D29: =D28/$D$32 -> 0.066421289 | E29: 0.6 | F29: =E29 -> 0.6 | G29: 0.4 | H29: =G29+E29 -> 1 | I29: 0 | J29: =I29+H29 -> 1
B30: 5. | C30: =Orcamento!$C$70 -> SINALIZAÇÃO VIÁRIA | D30: =Orcamento!L70 -> 2448.5975 | E30: =E31*D30 -> 0 | G30: =G31*D30 -> 0 | I30: =I31*D30 -> 2448.5975
D31: =D30/$D$32 -> 0.0049358499 | F31: =E31 -> 0 | H31: =G31+E31 -> 0 | I31: 1 | J31: =I31+H31 -> 1
B32: TOTAL | D32: =D22+D24+D26+D28+D30 -> 496084.26 | E32: =E22+E24+E26+E28+E30 -> 142028.14 | G32: =G22+G24+G26+G28+G30 -> 129844.27 | I32: =I22+I24+I26+I28+I30 -> 224211.85
D33: =D23+D25+D27+D29+D31 -> 1 | E33: =E32/$D$32 -> 0.28629842 | F33: =E33 -> 0.28629842 | G33: =G32/$D$32 -> 0.26173834 | H33: =G33+F33 -> 0.54803676 | I33: =I32/$D$32 -> 0.45196324 | J33: =I33+H33 -> 1
C36: São Vendelino-RS, 08 de janeiro de 2026.
E38: EVERSON SERGIO KERBES
E39: ENGENHEIRO CIVIL
E40: CREA/RS 124.620

Sheet Coposições
A11: Estado do Rio Grande do Sul
A12: MUNICÍPIO DE SÃO VENDELINO
A14: Coposições
A17: CP1 | B17: EXECUÇÃO DE IMPRIMAÇÃO COM MATERIAL ASFÁLTICO
A18: Item | B18: Referência | D18: Seviços | E18: Und | F18: Quant | G18: Custo R$
G19: Unit. | H19: Total | J19: SINAPI 09/2023
A20: 1 | B20: SINAPI | C20: 5839 | D20: VASSOURA MECÂNICA REBOCÁVEL COM ESCOVA CILÍNDRICA, LARGURA ÚTIL DE VARRIMENTO DE 2,44 M (PRODUTIVO) | E20: h | F20: 0.002 | G20: 11.41 | H20: 0.02 | J20: ANP 08/2023
A21: 2 | B21: SINAPI | C21: 5841 | D21: VASSOURA MECÂNICA REBOCÁVEL COM ESCOVA CILÍNDRICA, LARGURA ÚTIL DE VARRIMENTO DE 2,44 M (IMPRODUTIVO) | E21: h | F21: 0.004 | G21: 5.74 | H21: 0.02 | I21: ANP - OUT/23 | J21: ICMS | K21: PIS | L21: COFINS | M21: TOTAL
A22: 3 | B22: ANP | C22: 41901 | D22: ASFALTO DILUIDO DE PETROLEO CM-30 (ACRESCIDO DE ICMS, PIS E COFINS) | E22: kg | F22: 1.2 | G22: 5.4577408 | H22: 6.55 | I22: 4.2226234 | J22: 0.2 | K22: 0.0165 | L22: 0.076 | M22: 0.2925
A23: 4 | B23: SINAPI | C23: 83362 | D23: ESPARGIDOR DE ASFALTO PRESSURIZADO, TANQUE 6 M3 COM ISOLAÇÃO TÉRMICA, AQUECIDO COM 2 MAÇARICOS, COM BARRA ESPARGIDORA 3,60 M, MONTADO SOBRE CAMINHÃO TOCO, PBT 14.300 KG, POTÊNCIA 185 CV (PRODUTIVO) | E23: h | F23: 0.001 | G23: 277.77 | H23: 0.28 | J23: 18% ICMS + 2% Fundo de Erradicação da Pobreza
A24: 5 | B24: SINAPI | C24: 88316 | D24: SERVENTE COM ENCARGOS COMPLEMENTARES | E24: h | F24: 0.0058 | G24: 21.98 | H24: 0.13 | J24: Nota nº 05/2021 nº 01 do SINAPI
A25: 6 | B25: SINAPI | C25: 89035 | D25: TRATOR DE PNEUS, POTÊNCIA 85 CV, TRAÇÃO 4X4, PESO COM LASTRO DE 4.675 KG (PRODUTIVO) | E25: h | F25: 0.0017 | G25: 143.36 | H25: 0.24
A26: 7 | B26: SINAPI | C26: 89036 | D26: TRATOR DE PNEUS, POTÊNCIA 85 CV, TRAÇÃO 4X4, PESO COM LASTRO DE 4.675 KG | E26: h | F26: 0.0041 | G26: 57.8 | H26: 0.24
A27: 8 | B27: SINAPI | C27: 91486 | D27: ESPARGIDOR DE ASFALTO PRESSURIZADO, TANQUE 6 M3 COM ISOLAÇÃO TÉRMICA, AQUECIDO COM 2 MAÇARICOS, COM BARRA ESPARGIDORA 3,60 M, MONTADO SOBRE CAMINHÃO TOCO, PBT 14.300 KG, POTÊNCIA 185 CV (IMPRODUTIVO) | E27: h | F27: 0.0049 | G27: 67.73 | H27: 0.33
A28: TOTAL DA COMPOSIÇÃO | H28: 7.81
A30: CP2 | B30: EXECUÇÃO DE PINTURA DE LIGAÇÃO
A31: Item | B31: Referência | D31: Seviços | E31: Und | F31: Quant | G31: Custo R$
G32: Unit. | H32: Total
A33: 1 | B33: SINAPI | C33: 5839 | D33: VASSOURA MECÂNICA REBOCÁVEL COM ESCOVA CILÍNDRICA, LARGURA ÚTIL DE VARRIMENTO DE 2,44 M (PRODUTIVO) | E33: CHP | F33: 0.002 | G33: 11.41 | H33: 0.02
A34: 2 | B34: SINAPI | C34: 5841 | D34: VASSOURA MECÂNICA REBOCÁVEL COM ESCOVA CILÍNDRICA, LARGURA ÚTIL DE VARRIMENTO DE 2,44 M (IMPRODUTIVO) | E34: CHI | F34: 0.004 | G34: 5.74 | H34: 0.02 | I34: ANP - OUT/23 | J34: ICMS | K34: PIS | L34: COFINS | M34: TOTAL
A35: 3 | B35: ANP | C35: 41903 | D35: EMULSAO ASFALTICA CATIONICA RR-2C PARA USO EM PAVIMENTACAO ASFALTICA (COLETADO CAIXA NA ANP ACRESCIDO DE ICMS) | E35: kg | F35: 0.45 | G35: 3.4052323 | H35: 1.53 | I35: 2.6346091 | J35: 0.2 | K35: 0.0165 | L35: 0.076 | M35: 0.2925
A36: 4 | B36: SINAPI | C36: 83362 | D36: ESPARGIDOR DE ASFALTO PRESSURIZADO, TANQUE 6 M3 COM ISOLAÇÃO TÉRMICA, AQUECIDO COM 2 MAÇARICOS, COM BARRA ESPARGIDORA 3,60 M, MONTADO SOBRE CAMINHÃO TOCO, PBT 14.300 KG, POTÊNCIA 185 CV | E36: CHP | F36: 0.0004 | G36: 277.77 | H36: 0.11 | J36: 18% ICMS + 2% Fundo de Erradicação da Pobreza
A37: 5 | B37: SINAPI | C37: 88316 | D37: SERVENTE COM ENCARGOS COMPLEMENTARES | E37: h | F37: 0.0055 | G37: 21.98 | H37: 0.12 | J37: Nota nº 05/2021 nº 01 do SINAPI
A38: 6 | B38: SINAPI | C38: 89035 | D38: TRATOR DE PNEUS, POTÊNCIA 85 CV, TRAÇÃO 4X4, PESO COM LASTRO DE 4.675 KG | E38: CHP | F38: 0.0017 | G38: 143.36 | H38: 0.24
A39: 7 | B39: SINAPI | C39: 89036 | D39: TRATOR DE PNEUS, POTÊNCIA 85 CV, TRAÇÃO 4X4, PESO COM LASTRO DE 4.675 KG | E39: CHI | F39: 0.0038 | G39: 57.8 | H39: 0.21
A40: 8 | B40: SINAPI | C40: 91486 | D40: ESPARGIDOR DE ASFALTO PRESSURIZADO, TANQUE 6 M3 COM ISOLAÇÃO TÉRMICA, AQUECIDO COM 2 MAÇARICOS, COM BARRA ESPARGIDORA 3,60 M, MONTADO SOBRE CAMINHÃO TOCO, PBT 14.300 KG, POTÊNCIA 185 CV | E40: CHI | F40: 0.0051 | G40: 67.73 | H40: 0.34
A41: TOTAL DA COMPOSIÇÃO | H41: 2.59
C43: São Vendelino - RS, 03 de junho de 2025.
D46: EVERSON SERGIO KERBES
D47: CREA-RS 124.620

Sheet Memória de Cálculo
B7: Estado do Rio Grande do Sul
B8: MUNICÍPIO DE SÃO VENDELINO
B9: Planilha de Memória de Cálculo
C10: Proprietario: Prefeitura Municipal de São Vendelino, CNPJ.: 91.984.492/0001-52 | H10: Área a ser pavimentada:[m²] | I10: =L10*6.5+35.5 -> 1205.5 | J10: Extensão: [m] | L10: 180
C11: Obra: Pavimentação asfaltica MORRO CARRARD
C12: End. Interior, São Vendelino-RS
C13: Planilha DE MEMÓRIA DE CÁLCULO
B14: Item | C14: Descrição | D14: Und | E14: Quant.
B16: 1 | C16: SERVIÇOS PRELIMINARES
B17: 1.1 | C17: TOPÓGRAFO COM ENCARGOS SOCIAIS | D17: H | E17: 10 | F17: Marcação das larguras e estacas = 6h, Conformação das alturas da terraplenagem e inclinações trasversais = 4h
B18: 1.2 | C18: AUXILIAR DE TOPÓGRAFO COM ENCARGOS SOCIAIS | D18: H | E18: 10 | F18: Marcação das larguras e estacas = 6h, Conformação das alturas da terraplenagem e inclinações trasversais = 4h
B19: 1.3 | C19: FORNECIMENTO E INSTALAÇÃO DE PLACA DE OBRA COM CHAPA GALVANIZADA E ESTRUTURA DE MADEIRA - PADRÃO GOPVERNO FEDERAL - 300X200 | D19: m² | E19: 6 | F19: Placa de obra Padrão Governo Federal 3m de largura por 2m de altura, em chapa de aço galvanizada, fixa em estrutura de madeira, pilares de madeira
B20: 1.4 | C20: LIMPEZA DO TERRENO. REMOÇÃO MECANIZADA DA CAMADA DE VEGETAÇÃO, REMOÇÃO DE MATERIAL, NIVELAMENTO. | D20: m² | E20: =L10*2*1.5 -> 540 | F20: COMPRIMENTO * 1,5m * 1,5m (LIMPEZA DE 1,5m DE LARGURA NOS 2 LADOS DA VIA)
B22: 2 | C22: MOVIMENTAÇÃO DE TERRA
B23: 2.1 | C23: ESCAVAÇÃO DE GREIDE
B24: 2.1.1 | C24: ESCAVAÇÃO VERTICAL A CÉU ABERTO EM OBRAS DE INFRAESTRUTURA, INC. CARGA/DESCARGA E TRANSPORTE, EM SOLO DE 1ª CATEGORIA, C/ ESCAVADEIRA HIDRAULICA, DMT 2KM | D24: m³ | E24: =1244.7*0.7 -> 871.29 | F24: Retirado da Planta ST 01/01, Planilha de Corte e Aterro. Volume de Corte de Material de 1ª Categoria conforme levantamento técnico in loco. 70% do volume total a ser escavado
B25: 2.1.2 | C25: ESCAVAÇÃO MECANICA PAR ACERTO DE TALUDE, EM MATERIAL DE 2ª CATEGORIA, C/ ESCAVADEIRA HIDRAULICA, INC. CARGA, DESCARGA E TRANSPORTE, DTM ATÉ 200M | D25: m³ | E25: =1244.7*0.25 -> 311.175 | F25: Retirado da Planta ST 01/01, Planilha de Corte e Aterro. Volume de Corte de Material de 1ª Categoria conforme levantamento técnico in loco. 25% do volume total a ser escavado
B26: 2.1.3 | C26: DESMONTE DE MATERIAL DE 3ª CATEGORIA (BLOCOS DE ROCHA OU MATACOS) COM MARTELETE PNEUMÁTICO - EXCLUSIVE CARGA E TRANSPORTE | D26: m³ | E26: =1244.7*0.05 -> 62.235 | F26: Retirado da Planta ST 01/01, Planilha de Corte e Aterro. Volume de Corte de Material de 1ª Categoria conforme levantamento técnico in loco. 5% do volume total a ser escavado
B27: 2.1.4 | C27: CARGA, MANOBRA E DESCARGA DE SOLOS E MATERIAIS GRaNULARES (3ª CATEGORIA) EM CMINHÃO BASCULANTE 14m³ - EMPOLMENTO 30% | D27: m³ | E27: =E26*1.3 -> 80.9055 | F27: Carga, Manobra e Descarga, esses itens não estão incluidos no desmonte de material de 3ª Categoria. Volume da célula acima + 30% de Empolamento
B28: 2.1.5 | C28: TRASPORTE DO MATERIAL ESCAVADO COM CAMINHÃO BASCULANTE DE 14m³, EM VIA URBANA PAVIMENTADA, DMT 2KM (BOTA FORA PRÓXIMO) - material de 2ª categoria - Volume multiplicado pela DMT | D28: t * 2KM | E28: =E25*1.3*2 -> 809.055 | F28: Ítem 2.1.2, está incluso trasporte até DMT de 200m, Estima-se que conseguiremos local para Bota Fora a uma DMT de no máximo 2km. Volume do material = Volume do ítem 2.1.2 + 30% de Empolamento * 2 (DMT) * 1,6 (massa específica material escavado)
B29: 2.1.6 | C29: TRASPORTE DO MATERIAL ESCAVADO COM CAMINHÃO BASCULANTE DE 14m³, EM VIA URBANA PAVIMENTADA, DMT 2KM (BOTA FORA PRÓXIMO) - Volume multiplicado pela DMT - Material de 3ª Categoria | D29: t * 2KM | E29: =E26*1.3*2 -> 161.811 | F29: Ítem 2.1.3, não está incluso trasporte. Estima-se que conseguiremos local para Bota Fora a uma DMT de no máximo 2km. Volume do material = Volume do ítem 2.1.3 + 30% de Empolamento * 2 (DMT) * 1,6 (massa específica material escavado)
B30: 2.1.7 | C30: ESPALHAMENTO DE MATERIAL COM TRATOR ESTEIRA (30% Empolamento) | D30: m³ | E30: =(E24+E25+E26)*1.3 -> 1618.11 | F30: Espalhamento, Volume dos itens 2.1.1 + 2.1.2 + 2.1.3
B31: 2.2 | C31: REMOÇÃO DE SOLOS INADEQUADOS / REFORÇOO DO SUBLEITO
B32: 2.2.1 | C32: ESCAVAÇÃO VERTICAL A CÉU ABERTO EM OBRAS DE INFRAESTRUTURA, INC. CARGA/DESCARGA E TRANSPORTE, EM SOLO DE 1ª CATEGORIA, C/ ESCAVADEIRA HIDRAULICA, DMT 1KM | D32: m³ | E32: =(1.5+1.5)*0.5*L10 -> 270 | F32: Extensão da via * 1,5m * 0,50 * 2 - remoção de solos inadequados conforme Planta seção Tipo de Pavimentação STP 01/01
B33: 2.2.2 | C33: ESPALHAMENTO DE MATERIAL COM TRATOR ESTEIRA (30% Empolamento) | D33: m³ | E33: =E32*1.3 -> 351 | F33: Volume de escavação de solos inadequados + 30% Empolamento
B34: 2.2.3 | C34: REATERRO DE MATERIAL REMOVIDO, EXECUÇÃO E COMPACTAÇÃO DE BASE OU SUB BASE PARA PAVIMENTAÇÃO DE PEDRA RACHÃO - EXCLUSIVE CARGA E TRANSPORTE | D34: m³ | E34: =E32 -> 270 | F34: Reaterro do volume de material removido de solos inadequados, ítem 2.1.1
B35: 2.2.4 | C35: TRASPORTE DO RACHÃO COM CAMINHãO BASCULANTE DE 14m³, EM VIA URBANA PAVIMENTADA, DMT 26KM (PEDREIRA MAIS PRÁXIMA) - Volume multiplicado pela DMT | D35: t * 26KM | E35: =E34*1.3*26 -> 9126 | F35: Trasporte do material da linha acima + 30% de Empolamento. - Volume do material multiplicado por 26 (DMT) * 1,6 (massa específica material escavado)
B36: 2.3 | C36: ATERRO DE GREIDE
B37: 2.3.1 | C37: ATERRO DE GREIDE, EXECUÇÃO E COMPACTAÇÃO DE BASE OU SUB BASE DE PEDRA RACHÃO - EXCLUSIVE CARGA E TRASPORTE - Deslocamento de eixo para lado esquerdo | D37: m³ | E37: 208 | F37: Volume de aterro constante necessário para deslocamento do eixo para o lado esquerdo da via
B38: 2.3.2 | C38: TRASPORTE COM CAMINHãO BASCULANTE DE 14m³, EM VIA URBANA PAVIMENTADA, DTM 26KM (pedreira mais próxima) - Volume multiplicado pela DMT - Empolamento 30% | D38: t * 26KM | E38: =E37*1.3*26 -> 7030.4 | F38: Trasporte do material da linha acima + 30% de Empolamento. - Volume do material multiplicado por 26 (DMT) * 1,6 (massa específica material escavado)
B40: 3 | C40: PAVIMENTAÇÃO
B41: 3.1 | C41: REGULARIZAÇÃO E COMPACTAÇÃO DE SUBLEITO | D41: m² | E41: =(L10*7.96)+35.5 -> 1468.3 | F41: Extensão da via * 7,96 (Planta STP - Regularização) + 35,50 (Encaixe da rua)
B42: 3.2 | C42: SUB BASE RACHÃO, EXECUÇÃO E COMPACTAÇÃO DE BASE OU SUB BASE PARA PAVIMENTAÇÃO, ENCHIMENTO DE BRITA E CAMADA DE BLOQUEIO - E=17cm | D42: m³ | E42: =(L10*0.17*7.71)+(35.5*0.17) -> 241.961 | F42: Extensão da Via * 0,17m (espessira do rachão) * 7,71 (largura da faixa do raçhão = 7,71) + 35,5 * 0,17 (Encaixe da Rua)
B43: 3.3 | C43: TRASPORTE DO RACHÃO COM CAMINHÃO BASCULANTE DE 14m³, EM VIA URBANA PAVIMENTADA, DMT 26KM (PEDREIRA MAIS PRÓXIMA) - Volume multiplicado pela DMT | D43: t * 26KM | E43: =E42*1.3*26 -> 8178.2818 | F43: Trasporte do material da linha acima + 30% de Empolamento. - Volume do material multiplicado por 26 (DMT) * 1,6 (massa específica material escavado)
B44: 3.4 | C44: BASE DE BRITA GRADUADA, INCLISIVE COMPACTAÇÃO, E=15cm, EXCLUSIVE TRANSPORTE | D44: m³ | E44: =(L10*0.15*7.23)+(35.5*0.15) -> 200.535 | F44: Extensão da Via * 0,15m (espessura base de brita graduada) * 7,23 (largura da faixa da brita graduada = 7,23) + 35,5,00*0,15 (Encaixe Rua)
B45: 3.5 | C45: TRASPORTE BRITA GRADUADA CAMINHÃO BASCULANTE DE 14m³, EM VIA URBANA PAVIMENTADA, DMT 26KM (PEDREIRA MAIS PRÓXIMA) - Volume multiplicado prela DMT | D45: t * 26KM | E45: =E44*1.3*26 -> 6778.083 | F45: Trasporte do material da linha acima + 30% de Empolamento. - Volume do material multiplicado por 26 (DMT) * 1,6 (massa específica material escavado)
B46: 3.6 | C46: EXECUÇÃO DE IMPRIMAÇÃO DE BASE DE BRITA GRADUADA COM MATERIAL ASFÁLTICO | D46: m² | E46: =(L10*7)+35.5 -> 1295.5 | F46: Extensão da pavimentação * 7,m (imprimação, Planta STP 01/01) + 35,5m² (Encaixe Rua)
B47: 3.7 | C47: EXECUÇÃO DE PINTURA DE LIGAÇÃO | D47: m² | E47: =E46 -> 1295.5 | F47: Extensão da pavimentação * 6,5m (Pintura de ligação, Planta STP 01/01) + 35,65 (Encaixe Rua)
B48: 3.8 | C48: CONCRETO BETUMINOSO USINADO A QUENTE (CBUQ), CAP 50/70, E=5cm, EXCLUSIVE TRSPORTE | D48: t | E48: =(I10)*0.05*2.6 -> 156.715 | F48: Extensão da pavimentação * 6,5m (Pintura de ligação, Planta STP 01/01) * 0,05 (espessura do CBUQ) + 35,50 * 0,05 (Encaixe Rua) * 2,6 (DENSIDADE)
B49: 3.9 | C49: TRASPORTE DO CBUQ COM CAMINHÃO BASCULANTE DE 14m³, EM VIA URBANA PAVIMENTADA, DTM 26KM (PEDREIRA MAIS PRÓXIMA) - Volume multiplicado pela DMT | D49: t * 26KM | E49: =E48*26 -> 4074.59 | F49: Trasporte do material da linha acima. - Volume do material multiplicado por 26 (DMT)
B50: 3.10 | C50: RR-2C - SEM BDI - ACRESCIDO DE ICMS + PIS + COFINS + 26,25% - BDI 15% | D50: t | E50: =ROUND(E47*0.6/1000,2) -> 0.78 | F50: Área da Pintura de Ligação * Taxa de consumo 0,6 L/m²
B51: 3.11 | C51: CM-30 - SEM BDI - ACRESCIDO DE ICMS + PIS + COFINS + 26,25% - BDI 15% | D51: t | E51: =ROUND(E46*1.2/1000,2) -> 1.55 | F51: Área da Imprimação * Taxa de consumo 1,2 L/m²
B52: 3.12 | C52: CAP 50/70 - SEM BDI - ACRESCIDO DE ICMS + PIS + COFINS + 26,25% - BDI 15% | D52: t | E52: =ROUND(E48*0.06449,2) -> 10.11 | F52: Peso do CBUQ (3.8) * Teor de Betume 6%
B54: 4 | C54: DRENAGEM DE ÁGUAS PLUVIAIS E ENTRADAS MORADORES
B55: 4.1 | C55: ESCAVAÇÃO VERTICAL A CÉU ABERTO EM OBRAS DE INFRAESTRUTURA, INC. CARGA/DESCARGA E TRANSPORTE, EM SOLO DE 1ª CATEGORIA, C/ ESCAVADEIRA HIDRAULICA, DMT 2KM | D55: m³ | E55: =61*0.15 -> 9.15 | F55: Levantamento obtido do Projeto de Drenagem
B56: 4.2 | C56: ESCAVAÇÃO MECANICA PAR ACERTO DE TALUDE, EM MATERIAL DE 2ª CATEGORIA, C/ ESCAVADEIRA HIDRAULICA, INC. CARGA, DESCARGA E TRANSPORTE, DTM ATÉ 200M | D56: m³ | E56: =61*0.1 -> 6.1 | F56: Levantamento obtido do Projeto de Drenagem
B57: 4.3 | C57: DESMONTE DE MATERIAL DE 3ª CATEGORIA (BLOCOS DE ROCHA OU MATACOS) COM MARTELETE PNEUMÁTICO - EXCLUSIVE CARGA E TRANSPORTE | D57: m³ | E57: =61*0.4 -> 24.4 | F57: Levantamento obtido do Projeto de Drenagem
B58: 4.4 | C58: CARGA, MANOBRA E DESCARGA DE SOLOS E MATERIAIS GRaNULARES (3ª CATEGORIA) EM CMINHÃO BASCULANTE 14m³ - EMPOLMENTO 30% | D58: m³ | E58: =E57*1.3 -> 31.72 | F58: Volume do ítem 4.3, linha acima + 30% de empolamento
B59: 4.5 | C59: TRASPORTE DO MATERIAL ESCAVADO COM CAMINHÃO BASCULANTE DE 14m³, EM VIA URBANA PAVIMENTADA, DMT 2KM (BOTA FORA PRÓXIMO) - material de 2ª categoria - Volume multiplicado pela DMT | D59: t * 2KM | E59: =E56*1.3*2 -> 15.86 | F59: Volume do ítem 4.2, + 30% de empolamento. Volume multiplicado por 2 (DMT) * 1,6 (massa específica material escavado)
B60: 4.6 | C60: TRASPORTE DO MATERIAL ESCAVADO COM CAMINHÃO BASCULANTE DE 14m³, EM VIA URBANA PAVIMENTADA, DMT 2KM (BOTA FORA PRÓXIMO) - Volume multiplicado pela DMT - Material de 3ª Categoria | D60: t * 2KM | E60: =E57*1.3*2 -> 63.44 | F60: Volume do ítem 4.3, + 30% de empolamento. Volume multiplicado por 2 (DMT) * 1,6 (massa específica material escavado)
B61: 4.7 | C61: TUBO DE CONCRETO ARMADO - PA1 - PARA REDES COLETORAS DE ESGOTO PLUVIAL, DN 400mm, JUNTA ELÁSTICA, INSTALADO EM LOCAL COM BAIXO NÍVEL DE INTERFERÊNCIA - FORNECIMENTO E ASSENTAMENTO | D61: m | E61: =11+16 -> 27 | F61: Conforme Projeto Drenagem, Prancha DRE-01/01
B62: 4.8 | C62: TUBO DE CONCRETO PARA REDE DE COLETA DE ÁGUAS PLUVIAIS, DIAMENTRO 800mm PA2, FORNECIMENTO E ASSENTAMENTO | D62: m | E62: 10 | F62: Conforme Projeto Drenagem, Prancha DRE-01/01
B63: 4.9 | C63: TESTADA DE BUEIRO ø 400 - ALVENARIA DE EMBASAMENTO COM BLOCOS ESTRUTURAIS DE CONCRETO MACIÇOS, ASSENTADO COM ARGAMASSA PROEPARO EM BETONEIRA - 60X60X25 - 4 UNIDADES | D63: m³ | E63: =0.6*0.6*2*0.25*2 -> 0.36 | F63: 0,60 X 0,60 X 0,25 X 4- Comprimento * altura * espessura * 4 unidades
B64: 4.10 | C64: ALA PARA BOCA DE BUEIRO ø 800 - ALVENARIA DE EMBASAMENTO COM BLOCOS ESTRUTURAIS DE CONCRETO MACIÇOS, ASSENTADO COM ARGAMASSA PROEPARO EM BETONEIRA - 220X100X25 - 2 UNIDADES | D64: m³ | E64: =2.2*1*0.25*2 -> 1.1 | F64: [0,60X1,0 (aba 1) + 1,0X1,0 (central encaixe tubo) + 0,60X01,0 (aba 2)] * 0,25 (espessura da parede) * 2 unidades
B65: 4.11 | C65: ESPALHAMENTO DE MATERIAL COM TRATOR ESTEIRA EM BOTA FORA | D65: m³ | E65: =E55+E56+E57 -> 39.65 | F65: Somatório dos Volumes dos itens 4.1 + 4.2 + 4.3
B66: 4.12 | C66: REATERRO MECANIZADO DE VALA COM SOLO DE 1ª CATEGORIA | D66: m³ | E66: =E55+E56+E57 -> 39.65 | F66: Somatório dos Volumes dos itens 4.1 + 4.2 + 4.3
B68: 5 | C68: SINALIZAÇÃO VIÁRIA
B69: 5.1 | C69: PINTURA DE EIXO VIÁRIO E BORDAS, COM TINTA RETROREFLETIVA, EIXO SIMPLES COM 15cm DE LARGURA E BORDAS COM 12cm DE LARGURA | D69: m² | E69: =Orcamento!E71 -> 70.2 | F69: Extensão da via * 2 * 0,12 (2 BORDOS) + Extensão * 0,15
B70: 5.2 | C70: FORNECIMENTO E IPLANTAÇÃO DE PLACA DE REGULAMENTAÇÃO EM AÇO, R-1, SEXTAVADA, LADOS 35cm - PARE | D70: UN | E70: 1 | F70: Levantamento obtido do Projeto de Sinalização - Prancha SIN - 01/01 - 1 Placa de PARE
B71: 5.3 | C71: FORNECIMENTO E IPLANTAÇÃO DE PLACA DE REGULAMENTAÇÃO EM AÇO, d=60cm, R-7, PROIBIDO ULTRAPASSAR | D71: UN | E71: 1 | F71: Levantamento obtido do Projeto de Sinalização - Prancha SIN - 01/01 - 1 Placa de PROIBIDO ULTRAPASSAR
B72: 5.4 | C72: SUPORTE METÁLICO GALVANIZADO PARA PLACA DE REGULAMENTAÇÃO | D72: UN | E72: =E70+E71 -> 2 | F72: Levantamento obtido do Projeto de Sinalização - Prancha SIN - 01/01 - 2 Placas
C76: São Vendelino - RS, 08 de janeiro de 2026.
D79: EVERSON SERGIO KERBES
D80: CREA-RS 124.620
